 Dungeon Crawl Stone Soup version 0.31.0-11-ge490571c62 (webtiles) character file.

Game seed: 862492613801070749

1676 H0rd4k the Trooper (level 9, -1/72 HPs)
             Began as a Human Artificer on Feb 9, 2024.
             Was an Initiate of Gozag.
             Slain by a killer bee (4 damage)
             ... on level 6 of the Dungeon.
             The game lasted 00:18:17 (6533 turns).

H0rd4k the Trooper (Human Artificer)                Turns: 6533, Time: 00:18:17

Health: -1/72      AC:  9    Str: 12    XL:     9   Next: 1%
Magic:  14/14      EV: 11    Int: 16    God:    Gozag
Gold:   485        SH:  0    Dex: 14    Spells: 13/15 levels left

rFire   + . .        c - +0 short sword (speed)
rCold   + . .        (no shield)
rNeg    . . .        b - +0 leather armour
rPois   +            o - +0 helmet
rElec   +            (no cloak)
rCorr   +            (no gloves)
SInv    .            s - +0 pair of boots
Will    .....        r - amulet of regeneration
Stlth   +            B - +4 ring of protection
HPRegen 1.12/turn    (no ring)
MPRegen 0.14/turn

%: no passive effects
@: lethally poisoned (-1 -> -3), about to teleport, resistant, hasted, very
quick
A: explore regen
a: Renounce Religion, Potion Petition, Call Merchant, Bribe Branch


You were on level 6 of the Dungeon.
You worshipped Gozag.
Gozag was aware of your devotion.
You visited 1 branch of the dungeon, and saw 9 of its levels.

You collected 593 gold pieces.
You paid 108 gold pieces to Gozag.

Inventory:

Hand Weapons
 a - a +0 club
 c - a +0 short sword of speed (weapon)
 h - a +2 flail of holy wrath
Armour
 b - a +0 leather armour (worn)
 o - a +0 helmet (worn)
 s - a +0 pair of boots (worn)
Magical Staves
 y - a staff of air
Jewellery
 r - an amulet of regeneration (around neck)
 B - a +4 ring of protection (left hand)
Talismans
 f - a beast talisman
 i - a beast talisman
 j - a serpent talisman
 p - a serpent talisman
 C - a flux talisman
Scrolls
 g - a scroll of immolation
 m - 2 scrolls of vulnerability
 q - 3 scrolls of noise
 t - 3 scrolls of revelation
 x - 2 scrolls of brand weapon
Potions
 k - 2 potions of brilliance
 l - a potion of enlightenment


   Skills:
 + Level 7.2 Fighting
 + Level 6.1 Short Blades
 + Level 0.6 Throwing
 - Level 2.0 Armour
 - Level 1.0 Dodging
 - Level 1.0 Stealth
 * Level 3.5 Spellcasting
 + Level 3.3 Translocations
 - Level 3.0 Evocations


You had 13 spell levels left.
You knew the following spells:

 Your Spells              Type           Power      Damage    Failure   Level
a - Blink                 Tloc           26%        N/A       9%          2

Your spell library contained the following spells:

 Spells                   Type           Power      Damage    Failure   Level
 Lesser Beckoning         Tloc           26%        N/A       9%          2
 Momentum Strike          Conj/Tloc      16%        3d8       17%         2
 Dazzling Flash           Conj/Hex       4%         N/A       56%         3
 Inner Flame              Hex/Fire       2%         N/A       56%         3
 Mephitic Cloud           Conj/Alch/Air  2%         N/A       56%         3
 Flame Wave               Conj/Fire      2%         2d4       92%         4
 Sticky Flame             Fire/Alch      2%         2d4       92%         4
 Summon Blazeheart Golem  Fire/Summ      2%         N/A       92%         4
 Curse of Agony           Necr           2%         N/A       99%         5
 Silence                  Hex/Air        1%         N/A       99%         5
 Orb of Destruction       Conj           1%         9d5       100%        7
 Spellforged Servitor     Conj/Summ      1%         N/A       100%        7


Dungeon Overview and Level Annotations

Branches:
Dungeon (9/15)             Temple (0/1) D:7
   Lair: D:8-11         Orc: D:9-12

Altars:
Cheibriados
Fedhas
Gozag
Nemelex Xobeh
Ru
Trog
Xom

Annotations:
D:3 exclusion: downstairs
D:4 exclusions: black bear, downstairs and iguana
D:5 1 runed translucent door, exclusions: door, downstairs and 1 more exclusion, Crazy Yiuf
D:6 exclusion: 2 downstairs
D:7 exclusions: scorpion and sky beast, Dowan, Duvessa


Innate Abilities, Weirdness & Mutations

You regain HP and MP as you explore.


Message History

You feel yourself speed up.
You feel very sick. The killer bee misses you. The killer bee stings you.
* * * LOW HITPOINT WARNING * * *
You are more poisoned.
The killer bee poisons you!
You barely miss the killer bee.
The killer bee is moderately wounded.
You feel sick. The killer bee closely misses you.
You barely miss the killer bee.
The killer bee is moderately wounded.
You feel sick.
You hit the killer bee but do no damage.
The killer bee is moderately wounded.
You feel sick.
The killer bee stings you but does no damage.
You barely miss the killer bee.
The killer bee is moderately wounded.
You feel sick.
It was a potion of resistance.
You feel protected.
You feel sick.
The killer bee stings you but does no damage.
The killer bee stings you!
* * * LOW HITPOINT WARNING * * *
You hit the killer bee.
The killer bee is moderately wounded.
You feel sick. The killer bee barely misses you.
You barely miss the killer bee.
The killer bee is moderately wounded.
You feel sick.
You hit the killer bee but do no damage.
The killer bee is moderately wounded.
The killer bee closely misses you.
Okay, then.
Okay, then.
As you read the scroll of teleportation, it crumbles to dust.
You feel strangely unstable.
You feel sick. The killer bee stings you.
You die...
Your body crumbles into a pile of gold.

#.##............#.#####.###
#.##...)..#####.#.........#
#.##..............#####.###
#......###....###.#.......#
#####
#.##...######........######
....# #.##........<.###.#..#
....###.....#######.#.#.#..#
..................)...#.#..#
###.###.#....###@#......#..#
..#............#y#..#.###..#
.................>..#......#
..#........................#
..#.#########.##.##.########
..........#.#.#.#.#.#...#
....######............#.#
....# ##.#.#.#.#.###.# ....#
###..............#


You could see a killer bee.

Vanquished Creatures
  2 water moccasins (D:6)
  A sky beast (D:7)
  An ice beast (D:7)
  2 phantoms
  Blork the orc (D:5)
  4 scorpions
  A killer bee (D:8)
  A bombardier beetle (D:6)
  3 crimson imps
  A hound (D:5)
  3 orc priests
  A gnoll bouda (D:8)
  2 jellies
  2 iguanas
  3 orc wizards
  Robin (D:4)
  10 gnolls
  2 adders
  A shadow imp (D:6)
  A white imp (D:6)
  2 dart slugs (D:1)
  2 ribbon worms (D:3)
  7 orcs
  4 endoplasms
  A giant cockroach (D:3)
  11 goblins
  5 hobgoblins
  4 jackals (D:3)
  10 kobolds
  6 quokkas
  4 ball pythons
  2 bats
  3 frilled lizards
  4 rats
108 creatures vanquished.

Vanquished Creatures (collateral kills)
  A jelly (D:6)
  An orc priest (D:6)
  A white imp (D:6)
  2 orcs
  A ball python (D:4)
  A goblin (D:4)
7 creatures vanquished.

Vanquished Creatures (others)
  A centaur (D:6)
  An orc priest (D:4)
  3 orc wizards
  An endoplasm (D:3)
6 creatures vanquished.

Grand Total: 121 creatures vanquished

Notes
Turn   | Place    | Note
-------+----------+-------------------------------------------
     0 | D:1      | H0rd4k the Human Artificer began the quest for the Orb.
     0 | D:1      | Reached XP level 1. HP: 15/15 MP: 1/1
    43 | D:1      | Found a faded altar of an unknown god.
   291 | D:1      | Reached skill level 2 in Fighting
   291 | D:1      | Reached XP level 2. HP: 14/22 MP: 2/2
   984 | D:2      | Reached XP level 3. HP: 28/28 MP: 3/3
  1170 | D:2      | Reached skill level 3 in Fighting
  1283 | D:3      | Found a snail-covered altar of Cheibriados.
  1536 | D:3      | Noticed a scorpion
  1556 | D:3      | Killed a scorpion
  1557 | D:3      | Reached skill level 4 in Fighting
  1557 | D:3      | Reached XP level 4. HP: 18/38 MP: 4/4
  1732 | D:3      | Reached XP level 5. HP: 41/43 MP: 5/5
  2029 | D:4      | Noticed a black bear
  2116 | D:4      | Noticed Robin
  2153 | D:4      | Killed Robin
  2154 | D:4      | Reached skill level 5 in Fighting
  2328 | D:4      | Reached skill level 1 in Short Blades
  2725 | D:5      | Entered Level 5 of the Dungeon
  2731 | D:5      | Noticed Blork the orc
  2752 | D:5      | Learned a level 2 spell: Blink
  2773 | D:5      | Reached XP level 6. HP: 51/51 MP: 6/6
  2904 | D:5      | Killed Blork the orc
  2905 | D:5      | Reached skill level 1 in Spellcasting
  2905 | D:5      | Reached skill level 1 in Translocations
  2930 | D:5      | Found a bloodstained altar of Trog.
  3160 | D:5      | Found a shimmering altar of Xom.
  3257 | D:6      | Noticed a water moccasin
  3285 | D:6      | Reached XP level 7. HP: 57/57 MP: 7/9
  3514 | D:6      | Found a sparkling altar of Nemelex Xobeh.
  3515 | D:6      | Found an opulent altar of Gozag.
  3520 | D:6      | Became a worshipper of Gozag Ym Sagoz the Greedy
  3723 | D:6      | Reached skill level 6 in Fighting
  3995 | D:7      | Found a blossoming altar of Fedhas.
  4009 | D:7      | Found a sacrificial altar of Ru.
  4512 | D:5      | Found a runed translucent door.
  4513 | D:5      | Noticed Crazy Yiuf
  4688 | D:6      | Reached XP level 8. HP: 35/65 MP: 11/11
  5359 | D:7      | Noticed Duvessa
  5359 | D:7      | Noticed Dowan
  5708 | D:9      | Noticed a troll
  5745 | D:8      | Reached skill level 5 in Short Blades
  6057 | D:7      | Found a staircase to the Ecumenical Temple.
  6129 | D:7      | Reached skill level 7 in Fighting
  6404 | D:7      | Reached XP level 9. HP: 42/72 MP: 14/14
  6530 | D:6      | HP: 3/72 [poisoned by a killer bee]
  6533 | D:6      | Slain by a killer bee

Illustrated notes

Levels and vault maps discovered:
D:1:      roderic_crop_circles_arrival_small, layout_basic,
          hellmonk_ecumenical_altar_blasted
D:2:      layout_rooms
D:3:      layout_loops_ring, mainiacjoe_overflow_boulevard
D:4:      layout_loops_ring, uniq_robin
D:5:      layout_gridville, led_xom_imps, old_standard_altar, serial_glass,
          glass_columns_b, glass_columns_a, glass_columns_c, glass_columns_b,
          glass_columns_a, glass_columns_a, due_unseen_surprise,
          serial_library_hellmonk_h_bend, uniq_blork_the_orc,
          uniq_crazy_yiuf_cottage
D:6:      layout_basic, grunt_temple_overflow_opulence, st_stairs_10
D:7:      layout_basic, jmf_multi_god_temple2, minmay_temple_entry_junction,
          uniq_duvessa, uniq_maurice
D:8:      layout_rooms, nicolae_overflow_hidden_temple, general_overflow_altar,
          serial_shops, shop, nicolae_shop_back_alley_shop
D:9:      layout_roguey, kennysheep_mini, st_stairs_6

Skill      XL: |  1  2  3  4  5  6  7  8 |
---------------+-------------------------+-----
Fighting       | 2 4 5 6 7 |  7.2
Short Blades   | 1 2 3 6 |  6.1
Spellcasting   | 1 2 3 |  3.5
Translocations | 1 2 3 |  3.3
Throwing       | |  0.6
Armour         | |  2.0
Dodging        | |  1.0
Stealth        | |  1.0
Evocations     | |  3.0

Action                     |  1- 3 |  4- 6 |  7- 9 || total
---------------------------+-------+-------+-------++-------
  Melee: Club              |   188 |    45 |       ||   233
         Punch             |     2 |       |    17 ||    19
         Short sword       |       |   177 |   882 ||  1059
  Throw: Dart              |       |     2 |     5 ||     7
         Throwing net      |       |       |     2 ||     2
   Cast: Blink             |       |       |     2 ||     2
  Evoke: Wand              |    13 |    19 |     4 ||    36
    Use: Scroll            |       |     5 |    11 ||    16
         Potion            |       |     1 |     8 ||     9
   Stab: Sleeping          |     2 |     1 |       ||     3
 Armour: Leather armour    |   140 |   102 |   408 ||   650
  Dodge: Dodged            |   140 |    95 |   273 ||   508
